 Dungeon Sprint DCSS version 0.21.1-1-g345015f (webtiles) character file.

3500000 sexinstructor the Conqueror (level 21, -42/224 HPs)
             Began as a Minotaur Berserker on Mar 17, 2018.
             Was a High Priest of Makhleb.
             Annihilated by The Servant
             ... wielding a +9 glaive of flaming
              (63 damage)
             ... in the Dungeon (Sprint VIII: "Arena of Blood").
             The game lasted 00:05:36 (35 turns).

sexinstructor the Conqueror (Minotaur Berserker)      Turns: 35, Time: 00:05:37

Health: -42/224    AC:  4    Str: 31    XL:     21   Next: 70%
Magic:  17/43      EV: 27    Int:  4    God:    Makhleb [*****.]
Gold:   0          SH:  0    Dex: 11    Spells: 58/58 levels left

rFire    . . .     SeeInvis .   j - +∞ Axe of Woe
rCold    . . .     Gourm    .   (shield currently unavailable)
rNeg     . . .     Faith    .   b - +0 animal skin
rPois    .         Spirit   .   (helmet restricted)
rElec    .         Reflect  .   (no cloak)
rCorr    .         Harm     .   (no gloves)
MR       +....     NoTele   +   (no boots)
Stlth    +++++++++.             (no amulet)
HPRegen  0.47/turn              (no ring)
MPRegen  0.28/turn              (no ring)

@: no status effects
A: retaliatory headbutt, horns 2
a: Minor Destruction, Lesser Servant of Makhleb, Major Destruction, Greater
Servant of Makhleb, Renounce Religion


You were in the Dungeon.
You worshipped Makhleb.
Makhleb was extremely pleased with you.
You were not hungry.

You visited 1 branch

Inventory:

Hand Weapons
 a - a +0 mace
 j - the +∞ Axe of Woe (weapon)
   (You found it in the Dungeon)
Armour
 b - a +0 animal skin (worn)
Scrolls
 i - a scroll of blinking
Potions
 d - a potion of curing
 e - a potion of heal wounds
 f - a potion of haste
 g - 2 potions of magic
 h - a potion of berserk rage
Comestibles
 c - a ration


   Skills:
 O Level 27 Fighting
 O Level 27 Axes
 O Level 27 Maces & Flails
 O Level 27 Throwing
 O Level 27 Armour
 O Level 27 Dodging
 O Level 27 Stealth
 O Level 27 Unarmed Combat
 + Level 19.1 Spellcasting
 O Level 27 Invocations


You had 58 spell levels left.
You didn't know any spells.

Dungeon Overview and Level Annotations

Branches:
Dungeon (1/1)

Altars:
Makhleb

Annotations:
D The Servant


Innate Abilities, Weirdness & Mutations

You reflexively headbutt those who attack you in melee.
You have a pair of horns on your head.


Message History

You have mastered Maces & Flails!
You need to enable at least one skill for training.
Your Spellcasting skill gained 5 levels and is now at level 19!
You are engulfed in blazing flames.
You hear a shout! x8
The bag of meat is engulfed in blazing flames.
You hear a shout!
An orc and an ogre come into view.
A meat berserker comes into view. It is wielding a +9 battleaxe.
You hear a shout!
Some corpses begin to drag themselves along the ground!
Some corpses meld into agglomerations of writhing flesh!
You hear a shout!
The bag of meat is engulfed in blazing flames.
The bag of meat hits you with a +9 war axe!!
The Servant hits you from afar with a +9 glaive of flaming!!!!
Ouch! That really hurt!
* * * LOW HITPOINT WARNING * * *
The Servant burns you!!!
You die...

#... .# .#... #...
..# ......###...
..###.
...........###......
...#........_......
.#.......#).)).#
......@.x#_)<._#
#.....).#xx)).#..
#.o.@x§§xxz.....
oO.O...§o§§###......
o.....###§§.....###.
...... #.......#
..... #.......#
..... ......... #.#.
......... .#..
.o........


You could see The Servant, a sculptor of flesh, 2 meat berserkers, 3 small
abominations, 4 bags of meat and 3 crawling corpses.

Vanquished Creatures
  2 vampire knights (D)
  8 ogres (D)
  2 two-headed ogres (D)
  10 orcs (D)
22 creatures vanquished.

Notes
Turn   | Place    | Note
-------+----------+-------------------------------------------
     0 | D        | Found the +∞ Axe of Woe
     0 | D        | sexinstructor the Minotaur Berserker began the quest for the Orb.
     0 | D        | Reached XP level 1. HP: 19/19 MP: 0/0
     3 | D        | Noticed a bag of meat
     5 | D        | Noticed a meat berserker
     7 | D        | Noticed a meat berserker
     7 | D        | Noticed a meat berserker
     8 | D        | Noticed a bag of meat
     9 | D        | Noticed a bag of meat
     9 | D        | Killed a meat berserker
     9 | D        | Reached skill level 27 in Fighting
     9 | D        | Reached XP level 2. HP: 69/69 MP: 1/1
     9 | D        | Reached XP level 3. HP: 77/77 MP: 2/2
     9 | D        | Reached XP level 4. HP: 85/85 MP: 3/3
     9 | D        | Reached XP level 5. HP: 93/93 MP: 4/4
     9 | D        | Reached XP level 6. HP: 102/102 MP: 5/5
     9 | D        | Reached XP level 7. HP: 110/110 MP: 6/6
     9 | D        | Reached XP level 8. HP: 118/118 MP: 7/7
     9 | D        | Reached XP level 9. HP: 126/126 MP: 8/8
     9 | D        | Reached XP level 10. HP: 135/135 MP: 9/9
     9 | D        | Reached XP level 11. HP: 143/143 MP: 10/10
     9 | D        | Reached XP level 12. HP: 151/151 MP: 11/11
     9 | D        | Reached XP level 13. HP: 159/159 MP: 12/12
     9 | D        | Killed a bag of meat
     9 | D        | Reached ** piety under Trog
     9 | D        | Reached skill level 27 in Axes
    10 | D        | Noticed a meat berserker
    10 | D        | Killed a meat berserker
    10 | D        | Reached skill level 10 in Stealth
    10 | D        | Reached XP level 14. HP: 87/168 MP: 12/25
    10 | D        | Killed a meat berserker
    10 | D        | Fell from the grace of Trog
    10 | D        | Reached skill level 15 in Throwing
    10 | D        | Reached XP level 15. HP: 90/174 MP: 12/29
    10 | D        | Reached skill level 15 in Stealth
    11 | D        | Noticed a meat berserker
    11 | D        | Killed a meat berserker
    11 | D        | Reached XP level 16. HP: 95/183 MP: 12/33
    13 | D        | Noticed a meat berserker
    14 | D        | Became a worshipper of Makhleb the Destroyer
    17 | D        | Killed a meat berserker
    17 | D        | Reached * piety under Makhleb
    17 | D        | Reached XP level 17. HP: 59/191 MP: 13/34
    17 | D        | Killed a meat berserker
    17 | D        | Reached skill level 15 in Invocations
    19 | D        | Reached XP level 18. HP: 163/200 MP: 13/35
    22 | D        | Reached ** piety under Makhleb
    22 | D        | Reached skill level 27 in Unarmed Combat
    23 | D        | Noticed a meat berserker
    24 | D        | Killed a meat berserker
    24 | D        | Reached *** piety under Makhleb
    24 | D        | Reached skill level 27 in Throwing
    24 | D        | Reached XP level 19. HP: 207/207 MP: 14/36
    26 | D        | Noticed a large bag of meat
    26 | D        | Noticed a destroyer
    27 | D        | Reached skill level 27 in Stealth
    29 | D        | Noticed a meat berserker
    29 | D        | Noticed a large bag of meat
    30 | D        | Noticed The Servant
    30 | D        | Noticed a destroyer
    30 | D        | Reached **** piety under Makhleb
    30 | D        | Reached skill level 15 in Dodging
    31 | D        | Killed a destroyer
    31 | D        | Reached XP level 20. HP: 216/216 MP: 16/37
    33 | D        | Killed a destroyer
    33 | D        | Reached skill level 27 in Dodging
    33 | D        | Killed a meat berserker
    33 | D        | Reached ***** piety under Makhleb
    33 | D        | Reached skill level 27 in Invocations
    33 | D        | Reached skill level 27 in Armour
    33 | D        | Reached XP level 21. HP: 224/224 MP: 16/38
    33 | D        | Killed a large bag of meat
    34 | D        | Killed a large bag of meat
    34 | D        | Reached skill level 27 in Maces & Flails
    35 | D        | Annihilated by The Servant

Skill      XL: |  1  2  3  4  5  6  7  8  9 10 11 12 13 14 15 16 17 18 19 20 21 |
---------------+----------------------------------------------------------------+-----
Fighting       | 27 | 27.0
Axes           | 24 27 | 27.0
Throwing       | 11 15 18 21 23 27 | 27.0
Stealth        | 10 14 17 20 22 25 27 | 27.0
Unarmed Combat | 12 16 20 23 25 27 | 27.0
Spellcasting   | 8 11 14 19 | 19.1
Invocations    | 12 16 22 26 27 | 27.0
Dodging        | 26 27 | 27.0
Armour         | 27 | 27.0
Maces & Flails | 17 27 | 27.0

Action                   |  1- 3 |  4- 6 |  7- 9 | 10-12 | 13-15 | 16-18 | 19-21 || total
-------------------------+-------+-------+-------+-------+-------+-------+-------++-------
Melee: Executioner's axe |     1 |       |       |       |     2 |     5 |     5 ||    13
